 Dungeon Crawl Stone Soup version 0.31-a0-1068-g5939ac1fb6 (webtiles) character file.

Game seed: 1121958133455087266

1424 Azuregosa the Covert (level 8, -2/57 HPs)
             Began as an Octopode Delver on Nov 25, 2023.
             Was an Initiate of Gozag.
             Slain by a centaur (5 damage)
             ... on level 7 of the Dungeon.
             The game lasted 00:18:23 (6380 turns).

Azuregosa the Covert (Octopode Delver)              Turns: 6380, Time: 00:18:24

Health: -2/57      AC:  1    Str: 11    XL:     8   Next: 72%
Magic:  17/17      EV: 16    Int: 12    God:    Gozag
Gold:   332        SH:  5    Dex: 16    Spells: 7/7 levels left

rFire   . . .        A - +0 long sword
rCold   . . .        (no shield)
rNeg    + . .        (helmet restricted)
rPois   .            h - amulet of reflection
rElec   .            i - ring of wizardry
rCorr   .            q - ring of willpower
SInv    .            r - ring of positive energy
Will    +....        t - ring of magical power
Stlth   +++++        (no ring)
HPRegen 0.29/turn    (no ring)
MPRegen 0.15/turn    (no ring)
                     (no ring)

%: reflection, wizardry (x1)
@: no status effects
A: almost no armour, amphibious, 8 rings, camouflage 1, gelatinous body 1,
(nimble swimmer 1), tentacles
a: Renounce Religion, Potion Petition, Call Merchant, Bribe Branch


You were on level 7 of the Dungeon.
You worshipped Gozag.
Gozag was aware of your devotion.
You visited 2 branches of the dungeon, and saw 8 of its levels.

You collected 532 gold pieces.
You spent 130 gold pieces at shops.
You paid 70 gold pieces to Gozag.

Inventory:

Hand Weapons
 a - a +0 falchion
 A - a +0 long sword (weapon)
 C - a +2 antimagic dagger
Missiles
 m - 6 javelins
 o - 21 stones
 u - 3 poisoned darts
 w - 4 boomerangs
Magical Staves
 v - a staff of conjuration
Jewellery
 h - an amulet of reflection (around mantle)
 i - a ring of wizardry (left tentacle)
 q - a ring of willpower (right tentacle)
 r - a ring of positive energy (on tentacle)
 t - a ring of magical power (on tentacle)
 B - an amulet of magic regeneration
Wands
 f - a wand of digging (1)
Scrolls
 c - 2 scrolls of butterflies {unknown}
 d - a scroll of amnesia {unknown}
 j - 5 scrolls of identify
 l - a scroll of teleportation
 p - 3 scrolls of revelation
 y - a scroll of enchant armour {unknown}
Potions
 e - a potion of haste
 g - 5 potions of curing {unknown}
 k - 4 potions of might {unknown}
 n - a potion of attraction {unknown}
 s - a potion of cancellation {unknown}
 x - a potion of enlightenment {unknown}
 z - a potion of magic {unknown}


   Skills:
 - Level 6.0 Fighting
 + Level 5.6 Long Blades
 - Level 6.6 Dodging
 - Level 8.5 Stealth


You had 7 spell levels left.
You didn't know any spells.
Your spell library contained the following spells:

 Spells                   Type           Power      Damage    Failure   Level
 Sandblast                Erth           0%         2d4       13%         1
 Passwall                 Tmut/Erth      0%         N/A       21%         2
 Frozen Ramparts          Ice            0%         1d1       36%         3
 Stone Arrow              Conj/Erth      0%         3d7       36%         3
 Brom's Barrelling Bould  Conj/Erth      0%         2d3       75%         4
 Petrify                  Tmut/Erth      0%         N/A       75%         4
 Metabolic Englaciation   Hex/Ice        0%         N/A       97%         5


Dungeon Overview and Level Annotations

Branches:
Dungeon (7/15)             Temple (1/1) D:5

Altars:
Ashenzari
Cheibriados
Dithmenos
Elyvilon
Fedhas
Gozag
Hepliaklqana
Kikubaaqudgha
Makhleb
Okawaru
Qazlal
Ru
Trog
Uskayaw
Vehumet
Wu Jian
Xom
Zin
The Shining One

Shops:
D:5 !

Annotations:
D:4 2 transporters, Bizboz's ghost, weakling DjFE


Innate Abilities, Weirdness & Mutations

You cannot wear most types of armour.
You are amphibious.
You can wear up to eight rings at the same time.
Your skin changes colour to match your surroundings (Stealth+).
Your rubbery body absorbs attacks. (AC +1, EV +1)
((You are camouflaged when in or above water. (Stealth+)))
You have tentacles for arms and can constrict up to eight enemies at once.


Message History

The black bear growls angrily.
Things that are here:
29 gold pieces; a +0 mace; a +0 leather armour Unknown command.
As you read the scroll of fog, it dissolves into smoke.
The centaur shoots an arrow.
The arrow completely misses you.
The centaur unwields a +0 orcbow.
You block the centaur's attack. The centaur closely misses you.
You hit the centaur. You squeeze the centaur.
The centaur is heavily wounded.
The centaur closely misses you. The centaur barely misses you.
You block the centaur's attack. The centaur misses you.
The black bear bites you. The black bear barely misses you.
The black bear claws you.
You hit the centaur.
The centaur is severely wounded.
The centaur barely misses you. The centaur misses you.
The black bear completely misses you. The black bear misses you.
The black bear claws you. The centaur completely misses you.
The centaur kicks you.
You hit the centaur.
The centaur is severely wounded.
The centaur hits you.
* * * LOW HITPOINT WARNING * * *
The centaur barely misses you. You block the black bear's attack.
The black bear completely misses you. x2
You hit the centaur but do no damage.
The centaur is severely wounded.
You block the centaur's attack. The centaur kicks you.
* * * LOW HITPOINT WARNING * * *
A sleepcap comes into view.
The centaur closely misses you. The centaur kicks you.
* * * LOW HITPOINT WARNING * * *
The black bear closely misses you. The black bear claws you.
* * * LOW HITPOINT WARNING * * *
The black bear claws you.
* * * LOW HITPOINT WARNING * * *
Found 7 gold pieces.
The centaur hits you.
You die...
Your body crumbles into a pile of gold.

.# .. #### .##
##... ..
##...##.## #
.§§§§...##
#.##§§§#c...##..
.§§§§§@......$
#§§h###..###.
#f## .... #§#
###. #§#
#........
######.##


You could see a black bear and a centaur.

Vanquished Creatures
  An orc warrior (D:5)
  4 ogres
  A kobold brigand (D:6)
  A scorpion (D:5)
  2 bullfrogs
  2 jellies (D:5)
  3 howler monkeys (D:7)
  3 hounds
  3 orc priests (D:5)
  2 iguanas
  2 orc wizards
  A gnoll (D:6)
  9 adders
  A shadow imp (D:6)
  A white imp (D:6)
  5 worms
  3 dart slugs
  14 orcs
  2 endoplasms
  10 giant cockroaches
  10 goblins
  8 hobgoblins
  4 jackals (D:1)
  6 quokkas
  8 ball pythons
  8 bats
  3 frilled lizards
  10 kobolds
  4 rats
131 creatures vanquished.

Notes
Turn   | Place    | Note
-------+----------+-------------------------------------------
     0 | D:5      | Azuregosa the Octopode Delver began the quest for the Orb.
     0 | D:5      | Reached XP level 1. HP: 16/16 MP: 1/1
     0 | D:5      | Found Ticsotez's Distillery.
    12 | D:5      | Found a staircase to the Ecumenical Temple.
    12 | D:5      | Noticed an orc priest
    20 | D:5      | Killed an orc priest
    21 | D:5      | Reached skill level 7 in Stealth
    21 | D:5      | Reached XP level 2. HP: 20/21 MP: 2/2
    21 | D:5      | Reached XP level 3. HP: 25/26 MP: 3/3
    23 | Temple   | Entered the Ecumenical Temple
    74 | D:4      | Noticed an ogre
   162 | D:4      | Reached skill level 8 in Stealth
   162 | D:4      | Reached XP level 4. HP: 24/31 MP: 4/4
   256 | D:4      | Found a transporter.
   257 | D:4      | Noticed Bizboz's ghost (weakling DjFE)
   467 | D:3      | Found a broken altar of Ashenzari.
   983 | D:1      | Reached XP level 5. HP: 32/37 MP: 5/5
  2218 | D:3      | Found an ancient bone altar of Kikubaaqudgha.
  2709 | D:3      | Reached skill level 5 in Fighting
  2955 | D:4      | Found an opulent altar of Gozag.
  2984 | D:4      | Became a worshipper of Gozag Ym Sagoz the Greedy
  3005 | D:4      | Reached XP level 6. HP: 42/45 MP: 6/6
  3138 | D:5      | Bought a potion of heal wounds for 65 gold pieces
  3138 | D:5      | Bought a potion of berserk rage for 65 gold pieces
  3171 | D:4      | Found a transporter.
  3711 | D:5      | Noticed an orc warrior
  3901 | D:5      | Reached XP level 7. HP: 11/52 MP: 7/7
  4531 | D:5      | Reached skill level 5 in Dodging
  5086 | D:6      | Reached XP level 8. HP: 53/57 MP: 8/8
  5375 | D:6      | Found a burning altar of Makhleb.
  5474 | D:6      | Found a glowing golden altar of the Shining One.
  5606 | D:6      | Found a blossoming altar of Fedhas.
  6149 | D:6      | Found a bloodstained altar of Trog.
  6363 | D:7      | Reached skill level 5 in Long Blades
  6380 | D:7      | Slain by a centaur

Illustrated notes

Levels and vault maps discovered:
D:1:      matt_arrival_refuge, layout_loops_ring, minmay_stone_trees_medium,
          corner_web_ring
D:2:      layout_loops_ring
D:3:      minmay_door_path, layout_basic, kiku_gazebo_garden_becter,
          nicolae_overflow_hidden_temple, gup_sewer_entry_pipe
D:4:      layout_rooms, grunt_gozag_breadcrumbs, gammafunk_ghost_stat_death
D:5:      layout_gridville, minmay_temple_entry_proselytizer, serial_shops,
          shop, uniq_edmund
D:6:      layout_loops_corners, marbit_many_paths, mainiacjoe_overflow_alcove_1,
          makhleb_grotto_becter, trog_antimagical
D:7:      lemuel_castle_with_subvaults [lemuel_castle_interior_carwin_1],
          layout_loops_ring, nemelex_xobeh_ov_fountains_minmay, billiards_dpeg
Temple:   chequers_temple_sunken

Skill      XL: |  1  2  3  4  5  6  7  8 |
---------------+-------------------------+-----
Stealth        | 7 8 |  8.5
Fighting       | 4 5 6 |  6.0
Dodging        | 3 6 |  6.6
Long Blades    | 5 |  5.6

Action                     |  1- 3 |  4- 6 |  7- 9 || total
---------------------------+-------+-------+-------++-------
  Melee: Falchion          |     8 |   192 |    63 ||   263
         Constrict         |     2 |    51 |    23 ||    76
         Tentacles         |       |    38 |    30 ||    68
         Punch             |       |     2 |     1 ||     3
         Long sword        |       |       |    45 ||    45
  Evoke: Wand              |       |     1 |     1 ||     2
    Use: Scroll            |     1 |     1 |     4 ||     6
         Potion            |       |     1 |     1 ||     2
   Stab: Sleeping          |     2 |    42 |     6 ||    50
         Distracted        |       |     2 |       ||     2
 Armour: Skin              |     1 |    64 |    60 ||   125
  Dodge: Dodged            |     3 |    79 |    85 ||   167
  Block: Other             |       |    31 |    30 ||    61
         Reflection        |       |     1 |       ||     1

Table legend: (Time is in decaauts)
 A = Elapsed time spent in this place.
 B = Non-inter-level travel time spent in this place.
 C = Inter-level travel time spent in this place.
 D = Time resting spent in this place.
 E = Time spent auto-exploring this place.
 F = Levels seen in this place.
 G = Mean time per level.
                   A        B        C        D        E       F      G
               +--------+--------+--------+--------+--------+-----+--------+
         Total |   6449 |   6200 |    249 |   1467 |   3047 |   8 |  806.1 |
       Dungeon |   6447 |   6198 |    249 |   1467 |   3047 |   7 |  921.0 |
        Temple |      1 |      1 |      0 |      0 |      0 |   1 |    1.0 |
               +--------+--------+--------+--------+--------+-----+--------+

Top non-repeatable levels by time:
     D:6: 1399 daAuts
     D:5: 1339 daAuts
     D:4: 1129 daAuts
     D:3: 923 daAuts
     D:1: 876 daAuts
     D:2: 747 daAuts
     D:7: 32 daAuts
  Temple: 1 daAuts
